[Event "Live Chess"]
[Site "Chess.com"]
[Date "2010.12.16"]
[Round "-"]
[White "hipposcottimus"]
[Black "Sassytime"]
[Result "0-1"]
[CurrentPosition "r4rk1/3p1p2/8/p4P2/4n3/8/PPP3q1/4KR2 w - -"]
[Timezone "UTC"]
[ECO "C50"]
[ECOUrl "https://www.chess.com/openings/Italian-Game"]
[UTCDate "2010.12.16"]
[UTCTime "06:05:53"]
[WhiteElo "1625"]
[BlackElo "1553"]
[TimeControl "60"]
[Termination "Sassytime won on time"]
[StartTime "06:05:53"]
[EndDate "2010.12.16"]
[EndTime "06:07:54"]
[Link "https://www.chess.com/game/live/77779818"]

1. e4 e5 2. Nf3 Nc6 3. Bc4 g6 4. d4 exd4 5. Nxd4 Nge7 6. Nc3 Bg7 7. Be3 O-O 8. O-O a6 9. Bb3 b5 10. f4 Bb7 11. e5 Nxd4 12. Bxd4 Nf5 13. Be3 Nxe3 14. Qf3 Nf5 15. Qg3 c5 16. Qd3 c4 17. Bxc4 bxc4 18. Qxc4 a5 19. Nd5 Ba6 20. Qb3 Bxf1 21. Rxf1 Ne7 22. Nf6+ Bxf6 23. exf6 Nf5 24. Qh3 Qxf6 25. g4 Nd6 26. f5 g5 27. Qh5 h6 28. h4 Qg7 29. hxg5 Qxg5 30. Qxh6 Qxh6 31. g5 Qxg5+ 32. Kf2 Qg2+ 33. Ke1 Ne4 0-1

[Event "Live Chess"]
[Site "Chess.com"]
[Date "2010.12.16"]
[Round "-"]
[White "ereeste"]
[Black "hipposcottimus"]
[Result "0-1"]
[CurrentPosition "6rk/p4p1p/b7/3N2p1/8/6P1/P2q1PBP/4R1K1 w - -"]
[Timezone "UTC"]
[ECO "A10"]
[ECOUrl "https://www.chess.com/openings/English-Opening-Jaenisch-Gambit"]
[UTCDate "2010.12.16"]
[UTCTime "06:03:14"]
[WhiteElo "1267"]
[BlackElo "1634"]
[TimeControl "60"]
[Termination "hipposcottimus won on time"]
[StartTime "06:03:14"]
[EndDate "2010.12.16"]
[EndTime "06:05:06"]
[Link "https://www.chess.com/game/live/77779350"]

1. c4 b5 2. b3 bxc4 3. bxc4 d5 4. cxd5 Qxd5 5. e3 Qd8 6. Nc3 e5 7. g3 Nf6 8. Bg2 Bd6 9. Nge2 O-O 10. d4 Ba6 11. dxe5 Bxe5 12. O-O c5 13. Ne4 Qe7 14. Nxf6+ Qxf6 15. Bxa8 Bxa1 16. Bg2 Nc6 17. Nf4 g5 18. Nd5 Qe5 19. Ba3 Kh8 20. Bxc5 Rg8 21. Bd4 Bxd4 22. Qxd4 Nxd4 23. exd4 Qxd4 24. Re1 Qd2 0-1

[Event "Live Chess"]
[Site "Chess.com"]
[Date "2010.12.16"]
[Round "-"]
[White "hipposcottimus"]
[Black "kiko_matching"]
[Result "1-0"]
[CurrentPosition "6k1/p3r2p/6p1/4p3/8/3p4/6PP/2R4K b - -"]
[Timezone "UTC"]
[ECO "C02"]
[ECOUrl "https://www.chess.com/openings/French-Defense-Advance-Variation-3...c5"]
[UTCDate "2010.12.16"]
[UTCTime "02:08:56"]
[WhiteElo "1632"]
[BlackElo "1853"]
[TimeControl "60"]
[Termination "hipposcottimus won on time"]
[StartTime "02:08:56"]
[EndDate "2010.12.16"]
[EndTime "02:11:10"]
[Link "https://www.chess.com/game/live/77730752"]

1. e4 e6 2. d4 d5 3. e5 c5 4. f4 cxd4 5. Nf3 Nc6 6. Nxd4 g6 7. Nxc6 bxc6 8. c4 Bg7 9. cxd5 cxd5 10. Be3 Ne7 11. Bf2 O-O 12. Bb5 Rb8 13. Ba4 Rxb2 14. O-O Bd7 15. Bd4 Bb5 16. Bxb5 Rxb5 17. Nc3 Rb7 18. a4 Nc6 19. a5 f6 20. a6 Rc7 21. Bc5 Rff7 22. Bd6 Rcd7 23. Nb5 fxe5 24. fxe5 Nxe5 25. Rxf7 Rxf7 26. Qe1 Qb6+ 27. Kh1 Qxb5 28. Bxe5 Bxe5 29. Qxe5 Qc6 30. Re1 Re7 31. Qf6 Qd6 32. Qd4 e5 33. Qg4 Qxa6 34. Qe2 Qxe2 35. Rxe2 d4 36. Re1 d3 37. Rc1 1-0

[Event "Live Chess"]
[Site "Chess.com"]
[Date "2010.12.16"]
[Round "-"]
[White "elom"]
[Black "hipposcottimus"]
[Result "0-1"]
[CurrentPosition "3r2k1/pp3ppp/8/2p5/4P2P/2Q1K1b1/PPP1bq2/R5R1 w - -"]
[Timezone "UTC"]
[ECO "C47"]
[ECOUrl "https://www.chess.com/openings/Four-Knights-Game-Scotch-Variation"]
[UTCDate "2010.12.16"]
[UTCTime "02:05:22"]
[WhiteElo "1503"]
[BlackElo "1618"]
[TimeControl "60"]
[Termination "hipposcottimus won by checkmate"]
[StartTime "02:05:22"]
[EndDate "2010.12.16"]
[EndTime "02:07:13"]
[Link "https://www.chess.com/game/live/77730047"]

1. e4 e5 2. Nf3 Nc6 3. Nc3 Nf6 4. d4 d5 5. exd5 exd4 6. Nxd4 Nxd4 7. Qxd4 Bd6 8. Bb5+ Bd7 9. Bc4 O-O 10. Bg5 Re8+ 11. Ne2 Bg4 12. f3 c5 13. Qc3 Nxd5 14. Bxd5 Qxg5 15. Be4 Bh5 16. h4 Qxg2 17. Rf1 Bg3+ 18. Kd2 Rxe4 19. fxe4 Rd8+ 20. Ke3 Bxe2 21. Rg1 Qf2# 0-1

[Event "Live Chess"]
[Site "Chess.com"]
[Date "2010.12.16"]
[Round "-"]
[White "hipposcottimus"]
[Black "crossble"]
[Result "0-1"]
[CurrentPosition "5k2/4p3/7b/6q1/8/5r1K/8/8 w - -"]
[Timezone "UTC"]
[ECO "B20"]
[ECOUrl "https://www.chess.com/openings/Sicilian-Defense-Staunton-Cochrane-Variation-2...g6"]
[UTCDate "2010.12.16"]
[UTCTime "01:38:46"]
[WhiteElo "1432"]
[BlackElo "1767"]
[TimeControl "300"]
[Termination "crossble won on time"]
[StartTime "01:38:46"]
[EndDate "2010.12.16"]
[EndTime "01:48:34"]
[Link "https://www.chess.com/game/live/77724342"]

1. e4 c5 2. c4 g6 3. Nc3 Bg7 4. d3 Nf6 5. f4 O-O 6. e5 Ne8 7. Be3 b6 8. d4 cxd4 9. Bxd4 Bb7 10. Nf3 Nc6 11. Be2 Nxd4 12. Qxd4 d6 13. Rd1 Nc7 14. Nb5 Ne6 15. Qe3 dxe5 16. Rxd8 Rfxd8 17. fxe5 a6 18. Nc3 Rac8 19. O-O Nc5 20. Ng5 Bh6 21. Qf4 Rf8 22. Bg4 Nd3 23. Qe3 Rcd8 24. Be2 Nc5 25. Qf4 Ne6 26. Qh4 Bxg5 27. Qg3 Bh6 28. Nd5 Bxd5 29. cxd5 Nd4 30. Bd3 Rxd5 31. a4 b5 32. b3 Nxb3 33. axb5 axb5 34. Bxg6 hxg6 35. Qxb3 Rxe5 36. Qh3 Bg7 37. Qg3 Re6 38. h4 b4 39. h5 Rb6 40. hxg6 fxg6 41. Qxg6 Rxg6 42. Rxf8+ Kxf8 43. Kf2 b3 44. Kf3 b2 45. Kf4 b1=Q 46. g4 Rf6+ 47. Kg3 Qg1+ 48. Kh4 Bh6 49. g5 Qxg5+ 50. Kh3 Rf3+ 0-1

[Event "Live Chess"]
[Site "Chess.com"]
[Date "2010.12.16"]
[Round "-"]
[White "viewdle"]
[Black "hipposcottimus"]
[Result "1-0"]
[CurrentPosition "r1b2rk1/1p1n1ppp/p2p2q1/2pN4/3PPB2/8/PPP2PPP/R2Q1RK1 w - -"]
[Timezone "UTC"]
[ECO "C48"]
[ECOUrl "https://www.chess.com/openings/Four-Knights-Game-Spanish-Variation-Ranken-Variation-5...dxc6"]
[UTCDate "2010.12.16"]
[UTCTime "01:26:51"]
[WhiteElo "1635"]
[BlackElo "1434"]
[TimeControl "600"]
[Termination "viewdle won by resignation"]
[StartTime "01:26:51"]
[EndDate "2010.12.16"]
[EndTime "01:30:34"]
[Link "https://www.chess.com/game/live/77721704"]

1. e4 e5 2. Nf3 Nc6 3. Bb5 a6 4. Bxc6 dxc6 5. Nc3 Nf6 6. Nxe5 c5 7. O-O Bd6 8. Nc4 Nd7 9. Nxd6+ cxd6 10. d4 O-O 11. Bf4 Qf6 12. Nd5 Qg6 1-0

[Event "Live Chess"]
[Site "Chess.com"]
[Date "2010.12.15"]
[Round "-"]
[White "hipposcottimus"]
[Black "MrMartin"]
[Result "0-1"]
[CurrentPosition "6k1/p2b1ppp/1p2p3/3pPP2/3P4/P7/6PP/r3NK2 w - -"]
[Timezone "UTC"]
[ECO "B10"]
[ECOUrl "https://www.chess.com/openings/Caro-Kann-Defense-2.Nf3-d5"]
[UTCDate "2010.12.15"]
[UTCTime "23:48:12"]
[WhiteElo "1618"]
[BlackElo "1662"]
[TimeControl "60"]
[Termination "MrMartin won on time"]
[StartTime "23:48:12"]
[EndDate "2010.12.15"]
[EndTime "23:49:53"]
[Link "https://www.chess.com/game/live/77699128"]

1. e4 c6 2. Nf3 d5 3. e5 e6 4. d4 c5 5. c3 Nc6 6. Nbd2 Qb6 7. Nb3 cxd4 8. cxd4 Bd7 9. Be2 Bb4+ 10. Bd2 Bxd2+ 11. Qxd2 Qb4 12. O-O Qxd2 13. Nbxd2 Nge7 14. Nb3 Nf5 15. Nc5 Bc8 16. Bb5 Ne7 17. Bxc6+ Nxc6 18. Nb3 O-O 19. Nfd2 b6 20. f4 Bd7 21. Nf3 Rac8 22. Nh4 Nb4 23. a3 Nc2 24. Rad1 Ne3 25. Rc1 Nxf1 26. Rxc8 Rxc8 27. Kxf1 Rc2 28. f5 Rxb2 29. Nc1 Rb1 30. Nf3 Rxc1+ 31. Ne1 Ra1 0-1

[Event "Live Chess"]
[Site "Chess.com"]
[Date "2010.12.15"]
[Round "-"]
[White "hipposcottimus"]
[Black "MrMartin"]
[Result "0-1"]
[CurrentPosition "8/3n1pkp/4p1p1/8/3K4/7r/8/8 w - -"]
[Timezone "UTC"]
[ECO "B12"]
[ECOUrl "https://www.chess.com/openings/Caro-Kann-Defense-Advance-Variation"]
[UTCDate "2010.12.15"]
[UTCTime "23:44:47"]
[WhiteElo "1618"]
[BlackElo "1662"]
[TimeControl "60"]
[Termination "MrMartin won on time"]
[StartTime "23:44:47"]
[EndDate "2010.12.15"]
[EndTime "23:46:56"]
[Link "https://www.chess.com/game/live/77698542"]

1. e4 c6 2. d4 d5 3. e5 e6 4. c4 c5 5. cxd5 Qxd5 6. Nf3 cxd4 7. Qxd4 Qxd4 8. Nxd4 Bc5 9. Be3 Ne7 10. Nc3 Nbc6 11. Ncb5 Bxd4 12. Nc7+ Kd7 13. Nxa8 Bxe3 14. fxe3 b6 15. Rd1+ Ke8 16. Bb5 Bb7 17. Nc7+ Kf8 18. Na6 Bxa6 19. Bxa6 g6 20. O-O Kg7 21. Bd3 Nxe5 22. Bc2 Nd5 23. Bb3 Nxe3 24. Rd3 Nxf1 25. Kxf1 Nxd3 26. Ke2 Nxb2 27. Kd2 Rc8 28. Bc2 Nc4+ 29. Kc1 Ne5 30. Kd1 Nc4 31. Bb3 Ne5 32. Ke2 a5 33. Bd1 b5 34. Ke1 a4 35. Be2 Rc1+ 36. Kd2 Ra1 37. Bxb5 Rxa2+ 38. Kc3 Rxg2 39. Bxa4 Rxh2 40. Bd7 Rh3+ 41. Kd4 Nxd7 0-1

[Event "Live Chess"]
[Site "Chess.com"]
[Date "2010.12.15"]
[Round "-"]
[White "Snart"]
[Black "hipposcottimus"]
[Result "0-1"]
[CurrentPosition "r1b2rk1/ppp1bppp/8/2P5/3Pp1n1/1RN3Pq/P1PB1P1P/3Q1RK1 w - -"]
[Timezone "UTC"]
[ECO "C45"]
[ECOUrl "https://www.chess.com/openings/Scotch-Game"]
[UTCDate "2010.12.15"]
[UTCTime "23:42:23"]
[WhiteElo "1462"]
[BlackElo "1618"]
[TimeControl "60"]
[Termination "hipposcottimus won on time"]
[StartTime "23:42:23"]
[EndDate "2010.12.15"]
[EndTime "23:43:55"]
[Link "https://www.chess.com/game/live/77697935"]

1. e4 e5 2. Nf3 Nc6 3. d4 d5 4. exd5 e4 5. Ne5 Qxd5 6. b3 Nxe5 7. Bc4 Nxc4 8. bxc4 Qa5+ 9. Bd2 Qf5 10. Nc3 Nf6 11. O-O Bd6 12. g3 O-O 13. c5 Be7 14. Rb1 Qh3 15. Rb3 Ng4 0-1

[Event "Live Chess"]
[Site "Chess.com"]
[Date "2010.12.15"]
[Round "-"]
[White "hipposcottimus"]
[Black "Snart"]
[Result "1-0"]
[CurrentPosition "2r2rk1/3n2p1/2p4p/3P1p2/7R/2P5/P3NPPP/3Q1RK1 b - -"]
[Timezone "UTC"]
[ECO "B01"]
[ECOUrl "https://www.chess.com/openings/Scandinavian-Defense-Modern-Icelandic-Palme-Gambit"]
[UTCDate "2010.12.15"]
[UTCTime "23:39:52"]
[WhiteElo "1618"]
[BlackElo "1462"]
[TimeControl "60"]
[Termination "hipposcottimus won on time"]
[StartTime "23:39:52"]
[EndDate "2010.12.15"]
[EndTime "23:41:21"]
[Link "https://www.chess.com/game/live/77697237"]

1. e4 d5 2. exd5 Nf6 3. c4 e6 4. Nc3 exd5 5. cxd5 Nxd5 6. d3 Nxc3 7. bxc3 Bd6 8. Nf3 Bg4 9. Be3 O-O 10. Be2 c6 11. Nd4 Bxe2 12. Nxe2 Nd7 13. d4 Rc8 14. O-O Nf6 15. Rb1 Bb8 16. Rxb7 h6 17. Bf4 Nd7 18. Bxb8 Nxb8 19. Rxa7 Qh4 20. Ra4 Nd7 21. d5 f5 22. Rxh4 1-0

[Event "Live Chess"]
[Site "Chess.com"]
[Date "2010.12.15"]
[Round "-"]
[White "lipton131313"]
[Black "hipposcottimus"]
[Result "1-0"]
[CurrentPosition "8/pp6/b5pk/6rp/1B5K/PR1n1P1P/6P1/3R4 b - -"]
[Timezone "UTC"]
[ECO "D00"]
[ECOUrl "https://www.chess.com/openings/Queens-Pawn-Opening-1...d5-2.e3"]
[UTCDate "2010.12.15"]
[UTCTime "23:36:54"]
[WhiteElo "1831"]
[BlackElo "1618"]
[TimeControl "60"]
[Termination "lipton131313 won on time"]
[StartTime "23:36:54"]
[EndDate "2010.12.15"]
[EndTime "23:39:08"]
[Link "https://www.chess.com/game/live/77696577"]

1. d4 d5 2. e3 c6 3. f3 Bf5 4. c3 Nd7 5. a3 c5 6. c4 e6 7. cxd5 exd5 8. Nc3 Ngf6 9. Bb5 Be7 10. Bxd7+ Qxd7 11. dxc5 Bxc5 12. b4 d4 13. bxc5 dxc3 14. Qxd7+ Nxd7 15. Ne2 Nxc5 16. e4 Nd3+ 17. Kf1 Be6 18. Nxc3 Bc4 19. Kg1 O-O 20. Be3 Ba6 21. Nd5 Rac8 22. Rd1 f5 23. Ne7+ Kh8 24. Nxc8 Rxc8 25. exf5 Rf8 26. Bc5 Rxf5 27. Bb4 Rb5 28. Rb1 Rd5 29. h3 g6 30. Kh2 h5 31. Kg3 Kh7 32. Rhd1 Rg5+ 33. Kh4 Kh6 34. Rb3 1-0

[Event "Live Chess"]
[Site "Chess.com"]
[Date "2010.12.15"]
[Round "-"]
[White "hipposcottimus"]
[Black "tim_de_la_grim"]
[Result "1-0"]
[CurrentPosition "7Q/r2pkp1p/pp1bp1p1/2p5/1qP5/2NP1B2/PP3PPP/1R3RK1 b - -"]
[Timezone "UTC"]
[ECO "B28"]
[ECOUrl "https://www.chess.com/openings/Sicilian-Defense-OKelly-Maroczy-Bind-Formation-3...Nc6"]
[UTCDate "2010.12.15"]
[UTCTime "23:33:52"]
[WhiteElo "1622"]
[BlackElo "1466"]
[TimeControl "60"]
[Termination "hipposcottimus won on time"]
[StartTime "23:33:52"]
[EndDate "2010.12.15"]
[EndTime "23:35:28"]
[Link "https://www.chess.com/game/live/77695834"]

1. e4 c5 2. Nf3 a6 3. c4 Nc6 4. d3 e6 5. Nc3 Qc7 6. e5 Nxe5 7. Bf4 Nxf3+ 8. Qxf3 Qb6 9. Na4 Qa5+ 10. Nc3 Ne7 11. Be2 Ng6 12. O-O Qb4 13. Rab1 Nxf4 14. Qxf4 b6 15. Bh5 g6 16. Bf3 Ra7 17. Qb8 Bd6 18. Qxc8+ Ke7 19. Qxh8 1-0

[Event "Live Chess"]
[Site "Chess.com"]
[Date "2010.12.15"]
[Round "-"]
[White "Snart"]
[Black "hipposcottimus"]
[Result "0-1"]
[CurrentPosition "1r4k1/3nbp1p/2p1p1pB/q2pP3/3P4/1p1B1P2/3NQP1P/5KR1 w - -"]
[Timezone "UTC"]
[ECO "D02"]
[ECOUrl "https://www.chess.com/openings/Queens-Pawn-Opening-Zukertort-Variation"]
[UTCDate "2010.12.15"]
[UTCTime "23:30:38"]
[WhiteElo "1462"]
[BlackElo "1617"]
[TimeControl "60"]
[Termination "hipposcottimus won on time"]
[StartTime "23:30:38"]
[EndDate "2010.12.15"]
[EndTime "23:32:32"]
[Link "https://www.chess.com/game/live/77695001"]

1. Nf3 d5 2. d4 Bg4 3. c4 Bxf3 4. gxf3 c6 5. e3 Nd7 6. c5 b6 7. b4 a5 8. Bb2 axb4 9. a3 bxc5 10. axb4 cxb4 11. Bd3 e6 12. Rxa8 Qxa8 13. Qe2 Qa5 14. Kf1 Be7 15. Bc1 Bf6 16. Bd2 Nh6 17. e4 O-O 18. e5 Be7 19. Rg1 g6 20. Bxh6 Rb8 21. Nd2 b3 0-1

[Event "Live Chess"]
[Site "Chess.com"]
[Date "2010.12.15"]
[Round "-"]
[White "Angelchess"]
[Black "hipposcottimus"]
[Result "0-1"]
[CurrentPosition "K7/5k2/1q6/5p1p/8/P5P1/7P/8 w - -"]
[Timezone "UTC"]
[ECO "D02"]
[ECOUrl "https://www.chess.com/openings/Queens-Pawn-Opening-Zukertort-Variation"]
[UTCDate "2010.12.15"]
[UTCTime "23:27:31"]
[WhiteElo "1626"]
[BlackElo "1617"]
[TimeControl "60"]
[Termination "hipposcottimus won on time"]
[StartTime "23:27:31"]
[EndDate "2010.12.15"]
[EndTime "23:29:45"]
[Link "https://www.chess.com/game/live/77694299"]

1. Nf3 d5 2. d4 Bg4 3. c4 e5 4. Nc3 e4 5. Nd2 dxc4 6. Nxc4 Bb4 7. Qa4+ Nc6 8. e3 Bxc3+ 9. bxc3 Nf6 10. Ba3 Bd7 11. Qc2 b5 12. Nd2 b4 13. Bxb4 Nxb4 14. cxb4 O-O 15. Nxe4 Rb8 16. Nxf6+ Qxf6 17. a3 Bg4 18. f3 Bf5 19. Qd2 Rfe8 20. Kf2 Re7 21. Bd3 Rbe8 22. e4 Bg6 23. e5 Qh4+ 24. g3 Qxd4+ 25. Kg2 Bxd3 26. Rad1 Bf1+ 27. Rhxf1 Qxe5 28. Rde1 Qxe1 29. Rxe1 Rxe1 30. Kf2 R1e2+ 31. Qxe2 Rxe2+ 32. Kxe2 f6 33. Kd3 Kf7 34. Kc4 g5 35. Kc5 h5 36. Kc6 f5 37. Kxc7 g4 38. Kb7 gxf3 39. Kxa7 f2 40. b5 f1=Q 41. b6 Qg1 42. Ka8 Qxb6 0-1

[Event "Live Chess"]
[Site "Chess.com"]
[Date "2010.12.15"]
[Round "-"]
[White "hipposcottimus"]
[Black "Angelchess"]
[Result "0-1"]
[CurrentPosition "1k6/pbp4p/4Bp2/2b4q/8/1Q2p3/PPP4P/3r1K1R w - -"]
[Timezone "UTC"]
[ECO "C44"]
[ECOUrl "https://www.chess.com/openings/Kings-Pawn-Opening-Kings-Knight-Variation-2...Nc6"]
[UTCDate "2010.12.15"]
[UTCTime "23:25:58"]
[WhiteElo "1608"]
[BlackElo "1635"]
[TimeControl "60"]
[Termination "Angelchess won by checkmate"]
[StartTime "23:25:58"]
[EndDate "2010.12.15"]
[EndTime "23:27:15"]
[Link "https://www.chess.com/game/live/77693970"]

1. e4 Nc6 2. Nf3 e5 3. d4 f5 4. d5 fxe4 5. dxc6 exf3 6. cxb7 Bxb7 7. gxf3 Nf6 8. Be3 d5 9. Nc3 d4 10. Ne4 dxe3 11. Nxf6+ gxf6 12. fxe3 Bd6 13. Qe2 Qe7 14. Qd3 O-O-O 15. O-O-O Bc5 16. Qb3 Rxd1+ 17. Kxd1 Rd8+ 18. Ke2 Qg7 19. Kf2 Qh6 20. f4 exf4 21. Ke2 fxe3 22. Bh3+ Kb8 23. Be6 Qh5+ 24. Kf1 Rd1# 0-1

[Event "Live Chess"]
[Site "Chess.com"]
[Date "2010.12.15"]
[Round "-"]
[White "Angelchess"]
[Black "hipposcottimus"]
[Result "1-0"]
[CurrentPosition "8/p5pp/Pn3k2/1P1r1B2/6P1/5P2/5PKP/4R3 b - -"]
[Timezone "UTC"]
[ECO "D02"]
[ECOUrl "https://www.chess.com/openings/Queens-Pawn-Opening-Zukertort-Variation"]
[UTCDate "2010.12.15"]
[UTCTime "23:23:30"]
[WhiteElo "1627"]
[BlackElo "1616"]
[TimeControl "60"]
[Termination "Angelchess won on time"]
[StartTime "23:23:30"]
[EndDate "2010.12.15"]
[EndTime "23:25:47"]
[Link "https://www.chess.com/game/live/77693363"]

1. Nf3 d5 2. d4 Bg4 3. c4 Bxf3 4. exf3 c6 5. Nc3 Nd7 6. a4 e6 7. Bd3 Ngf6 8. Qc2 Bb4 9. O-O O-O 10. Bg5 e5 11. cxd5 exd4 12. dxc6 bxc6 13. Ne4 c5 14. Bxf6 Nxf6 15. Nxc5 Bxc5 16. Qxc5 Rc8 17. Qa3 Nd5 18. b4 Nb6 19. b5 Nd5 20. Rac1 Nb6 21. Rxc8 Qxc8 22. Rc1 Qd8 23. Qc5 Nd5 24. Qxd4 Ne7 25. Qxd8 Rxd8 26. Be4 f6 27. a5 Kf7 28. Bb1 Rb8 29. Ba2+ Kg6 30. Bc4 f5 31. a6 Nc8 32. Rb1 Nb6 33. Bd3 Rc8 34. g4 Rd8 35. Bxf5+ Kf6 36. Kg2 Rd5 37. Re1 1-0

[Event "Live Chess"]
[Site "Chess.com"]
[Date "2010.12.15"]
[Round "-"]
[White "hipposcottimus"]
[Black "dickensian"]
[Result "0-1"]
[CurrentPosition "r2q2k1/p2r1ppp/8/P2pP1R1/3Q4/8/2P3PP/R5K1 b - -"]
[Timezone "UTC"]
[ECO "C02"]
[ECOUrl "https://www.chess.com/openings/French-Defense-Advance-Nimzowitsch-System"]
[UTCDate "2010.12.15"]
[UTCTime "23:17:03"]
[WhiteElo "1438"]
[BlackElo "1465"]
[TimeControl "120+12"]
[Termination "dickensian won by resignation"]
[StartTime "23:17:03"]
[EndDate "2010.12.15"]
[EndTime "23:22:04"]
[Link "https://www.chess.com/game/live/77691745"]

1. e4 e6 2. Nf3 d5 3. e5 c5 4. d4 Nc6 5. Bb5 Qb6 6. Nc3 Ne7 7. Be3 Nf5 8. O-O cxd4 9. Bxd4 Nxd4 10. Nxd4 Bd7 11. Bxc6 bxc6 12. a4 Qxb2 13. Qd2 Qb8 14. f4 Bc5 15. a5 O-O 16. Na4 Bxd4+ 17. Qxd4 c5 18. Nxc5 Rd8 19. Nxd7 Rxd7 20. f5 exf5 21. Rxf5 Qd8 22. Rg5 0-1

[Event "Live Chess"]
[Site "Chess.com"]
[Date "2010.12.15"]
[Round "-"]
[White "vinkos5"]
[Black "hipposcottimus"]
[Result "1-0"]
[CurrentPosition "3qnr2/p5p1/5kQ1/4pB2/1B6/4P3/1P3PPP/5K2 b - -"]
[Timezone "UTC"]
[ECO "D02"]
[ECOUrl "https://www.chess.com/openings/Queens-Pawn-Opening-Zukertort-Variation-2...c6-3.e3"]
[UTCDate "2010.12.15"]
[UTCTime "21:46:05"]
[WhiteElo "1779"]
[BlackElo "1624"]
[TimeControl "60"]
[Termination "vinkos5 won by checkmate"]
[StartTime "21:46:05"]
[EndDate "2010.12.15"]
[EndTime "21:47:39"]
[Link "https://www.chess.com/game/live/77668072"]

1. d4 d5 2. Nf3 c6 3. e3 Nd7 4. c4 e6 5. cxd5 cxd5 6. a3 Ngf6 7. Nc3 b5 8. Bd3 b4 9. axb4 Bxb4 10. Bd2 O-O 11. O-O Ne8 12. Bb1 f6 13. Qc2 e5 14. Qxh7+ Kf7 15. Bg6+ Ke7 16. Nxd5+ Kd6 17. Nxb4 Rb8 18. Ra6+ Bxa6 19. dxe5+ Nxe5 20. Nxe5 fxe5 21. Bc3 Bxf1 22. Kxf1 Rxb4 23. Bxb4+ Ke6 24. Bf5+ Kf6 25. Qg6# 1-0

[Event "Live Chess"]
[Site "Chess.com"]
[Date "2010.12.15"]
[Round "-"]
[White "Malbogia"]
[Black "hipposcottimus"]
[Result "0-1"]
[CurrentPosition "r4rk1/p1p3pp/8/2p1Bp2/5Pq1/1P3b2/P1P2K1P/R4Q2 w - -"]
[Timezone "UTC"]
[ECO "C30"]
[ECOUrl "https://www.chess.com/openings/Kings-Gambit-Declined-Queens-Knight-Defense-3.Nf3"]
[UTCDate "2010.12.15"]
[UTCTime "21:04:39"]
[WhiteElo "1466"]
[BlackElo "1446"]
[TimeControl "480"]
[Termination "hipposcottimus won by resignation"]
[StartTime "21:04:39"]
[EndDate "2010.12.15"]
[EndTime "21:07:02"]
[Link "https://www.chess.com/game/live/77656701"]

1. e4 e5 2. f4 Nc6 3. Nf3 d5 4. Bb5 dxe4 5. Bxc6+ bxc6 6. Nxe5 Bd6 7. O-O f5 8. d3 Nf6 9. dxe4 Nxe4 10. b3 O-O 11. Bb2 Bc5+ 12. Kh1 Qh4 13. g3 Nxg3+ 14. Kg2 Nxf1 15. Qxf1 Bd6 16. Nd2 Bxe5 17. Bxe5 Bb7 18. Kg1 c5 19. Nf3 Qg4+ 20. Kf2 Bxf3 0-1

[Event "Live Chess"]
[Site "Chess.com"]
[Date "2010.12.15"]
[Round "-"]
[White "hipposcottimus"]
[Black "Strangelove13"]
[Result "1-0"]
[CurrentPosition "3r1rk1/pQN1n2p/3b2p1/5R2/3P4/2P5/PP4PP/R1B3K1 b - -"]
[Timezone "UTC"]
[ECO "C57"]
[ECOUrl "https://www.chess.com/openings/Italian-Game-Fried-Liver-Attack-6...Kxf7-7.Qf3"]
[UTCDate "2010.12.15"]
[UTCTime "20:47:56"]
[WhiteElo "1624"]
[BlackElo "1340"]
[TimeControl "60"]
[Termination "hipposcottimus won on time"]
[StartTime "20:47:56"]
[EndDate "2010.12.15"]
[EndTime "20:49:43"]
[Link "https://www.chess.com/game/live/77652067"]

1. e4 e5 2. Nf3 Nc6 3. Bc4 Nf6 4. Ng5 d5 5. exd5 Nxd5 6. Nxf7 Kxf7 7. Qf3+ Ke8 8. Bxd5 Qxd5 9. Qxd5 Bf5 10. c3 Bd6 11. Na3 Rd8 12. Nb5 Rf8 13. O-O g6 14. d4 e4 15. f3 Ne7 16. Qxb7 exf3 17. Rxf3 Kf7 18. Nxc7 Kg8 19. Rxf5 1-0

[Event "Live Chess"]
[Site "Chess.com"]
[Date "2010.12.15"]
[Round "-"]
[White "flutevisions3"]
[Black "hipposcottimus"]
[Result "1-0"]
[CurrentPosition "r4r2/pp2k3/4RpB1/8/2p5/1P6/P4PPP/R5K1 b - -"]
[Timezone "UTC"]
[ECO "D00"]
[ECOUrl "https://www.chess.com/openings/Queens-Pawn-Opening-1...d5"]
[UTCDate "2010.12.15"]
[UTCTime "20:33:07"]
[WhiteElo "1598"]
[BlackElo "1624"]
[TimeControl "60"]
[Termination "flutevisions3 won on time"]
[StartTime "20:33:07"]
[EndDate "2010.12.15"]
[EndTime "20:35:21"]
[Link "https://www.chess.com/game/live/77647860"]

1. d4 d5 2. Nd2 c6 3. Ngf3 e6 4. e3 Nd7 5. Be2 Ngf6 6. b3 c5 7. Bb2 cxd4 8. exd4 Bd6 9. c3 O-O 10. Bb5 Nb6 11. Bd3 Ng4 12. O-O f5 13. Ne5 Be7 14. Nxg4 fxg4 15. Qxg4 e5 16. Qe2 Bg5 17. dxe5 Bh4 18. Nf3 Be7 19. Bc2 Nd7 20. Qd3 Re8 21. Qxh7+ Kf8 22. Qh8+ Kf7 23. Qh5+ Kf8 24. Bh7 Nxe5 25. Bg6 Bf6 26. Nxe5 Bxe5 27. Qh8+ Ke7 28. Qh4+ Bf6 29. Qd4 Rf8 30. Qe3+ Be6 31. c4 Qd6 32. Bxf6+ gxf6 33. Rfe1 dxc4 34. Qxe6+ Qxe6 35. Rxe6+ 1-0

[Event "Live Chess"]
[Site "Chess.com"]
[Date "2010.12.15"]
[Round "-"]
[White "Strangelove13"]
[Black "hipposcottimus"]
[Result "0-1"]
[CurrentPosition "r3nrk1/ppp4p/5p2/1P3qp1/P4N2/3P1QPb/5P1P/2R1R1K1 w - g6"]
[Timezone "UTC"]
[ECO "C47"]
[ECOUrl "https://www.chess.com/openings/Four-Knights-Game-Italian-Variation"]
[UTCDate "2010.12.15"]
[UTCTime "20:30:12"]
[WhiteElo "1340"]
[BlackElo "1633"]
[TimeControl "60"]
[Termination "hipposcottimus won on time"]
[StartTime "20:30:12"]
[EndDate "2010.12.15"]
[EndTime "20:32:19"]
[Link "https://www.chess.com/game/live/77646998"]

1. e4 e5 2. Nf3 Nc6 3. Nc3 Nf6 4. Bc4 Bb4 5. a3 Ba5 6. b4 Bb6 7. b5 Na5 8. a4 Nxc4 9. O-O Nd6 10. d3 O-O 11. Ne2 Nde8 12. c4 d5 13. c5 Bxc5 14. Ba3 Qd6 15. Bxc5 Qxc5 16. Rc1 Qd6 17. exd5 Nxd5 18. Re1 Nf4 19. Nxf4 exf4 20. Qd2 Bg4 21. Nh4 Qf6 22. g3 Bh3 23. Ng2 f3 24. Nf4 Qf5 25. Qe3 f6 26. Qxf3 g5 0-1